 Dungeon Crawl Stone Soup version 0.27.0 (webtiles) character file.

Game seed: 9928159915709281691

3272 sanka the Fighter (level 9, 0/81 HPs)
             Began as a Palentonga Conjurer on July 30, 2021.
             Was an Initiate of Ru.
             Slain by a warg (2 damage)
             ... on level 7 of the Dungeon.
             The game lasted 00:18:51 (10281 turns).

sanka the Fighter (Palentonga Conjurer)            Turns: 10281, Time: 00:18:52

Health: 0/81       AC: 13    Str: 17    XL:     9   Next: 68%
Magic:  4/13       EV: 24    Int: 23    God:    Ru [......]
Gold:   300        SH:  0    Dex: 10    Spells: 7/14 levels left

rFire    . . .     SeeInvis +   J - +1 dire flail (drain)
rCold    + . .     Faith    .   (shield currently unavailable)
rNeg     . . .     Spirit   .   t - +1 robe of Whack-A-Mole {Int+3}
rPois    .         Reflect  .   (no helmet)
rElec    .         Harm     .   (no cloak)
rCorr    .         Rampage  .   B - +0 pair of gloves
Will     .....                  (no barding)
Stlth    +.........             b - amulet of the acrobat
HPRegen  0.23/turn              o - +6 ring of strength
MPRegen  0.13/turn              r - ring of protection from cold

@: acrobatic, curled up
A: large, rugged brown scales 3, see invisible, deformed body, roll 1, armoured
tail, reflexive curl
a: Rolling Charge, Renounce Religion


You were on level 7 of the Dungeon.
You worshipped Ru.
Ru was noncommittal.
You visited 2 branches of the dungeon, and saw 9 of its levels.

You collected 300 gold pieces.


Innate Abilities, Weirdness & Mutations

You are completely covered in rugged brown scales. (AC +3, +7% HP)
You have supernaturally acute eyesight. (SInv)
Armour fits poorly on your strangely shaped body.
You can roll at nearby foes to attack.
You have a long armoured tail.
You curl defensively after being hit.


   Skills:
 + Level 9.0 Fighting
 - Level 1.5 Dodging
 - Level 1.2 Stealth
 - Level 3.0 Spellcasting
 + Level 8.7 Conjurations
 - Level 5.0 Hexes


You had 7 spell levels left.
You knew the following spells:

 Your Spells              Type           Power      Damage    Failure   Level
x - Searing Ray           Conj           86%        3d6       1%          2
z - Magic Dart            Conj           100%       1d8       1%          1
Z - Fulminant Prism       Conj/Hex       17%        3d11      7%          4

Your spell library contained the following spells:

 Spells                   Type           Power      Damage    Failure   Level
 Dazzling Flash           Conj/Hex       70%        N/A       1%          3
 Animate Skeleton         Necr           6%         N/A       12%         1
 Pain                     Necr           12%        1d4       12%         1
 Portal Projectile        Hex/Tloc       28%        N/A       12%         3
 Iskenderun's Mystic Bla  Conj/Tloc      23%        2d6       19%         4
 Call Canine Familiar     Summ           3%         N/A       34%         3
 Vampiric Draining        Necr           1%         2d6       34%         3
 Leda's Liquefaction      Hex/Erth       7%         N/A       38%         4

Inventory:

Hand Weapons
 p - a +4 rapier of holy wrath
 D - a +2 vorpal war axe
 E - a +0 battleaxe
 J - a +1 dire flail of draining (weapon)
Missiles
 h - 27 poisoned darts
 C - 6 curare-tipped darts {=f}
Armour
 a - a +0 robe
 q - a +3 leather armour of fire resistance
 t - the +1 robe of Whack-A-Mole (worn) {Int+3}

   Int:       It affects your intelligence (+3).
 y - a +2 robe of willpower
 B - a +0 pair of gloves (worn)
Jewellery
 b - an amulet of the acrobat (around neck)
 o - a +6 ring of strength (left hand)
 r - a ring of protection from cold (right hand)
 u - a ring of fire
Wands
 s - a wand of acid (8)
 F - a wand of charming (4)
 I - a wand of digging (8)
Scrolls
 c - 3 scrolls of enchant armour
 f - a scroll of magic mapping
 g - 2 scrolls of blinking
 i - 2 scrolls of teleportation {@r4}
 m - a scroll of torment {!r}
 n - a scroll of amnesia {unknown}
 w - a scroll of enchant weapon
 A - a scroll of silence {unknown}
Potions
 d - 4 potions of curing {unknown}
 e - a potion of ambrosia {unknown}
 j - a potion of magic {unknown}
 k - a potion of mutation {unknown}
 l - 2 potions of attraction {unknown}
 v - a potion of resistance
 x - a potion of lignification {unknown}
 z - a potion of invisibility
 G - a potion of berserk rage {unknown}
 H - a potion of degeneration {unknown}

Dungeon Overview and Level Annotations

Branches:
Dungeon (8/15)             Temple (1/1) D:7
   Lair: D:8-11

Altars:
Ashenzari
Cheibriados
Dithmenos
Elyvilon
Fedhas
Gozag
Hepliaklqana
Kikubaaqudgha
Makhleb
Nemelex Xobeh
Qazlal
Ru
Sif Muna
Trog
Uskayaw
Vehumet
Wu Jian
Xom
Yredelemnul
The Shining One

Shops:
D:7 (

Annotations:
D:3 3 runed translucent doors, Hyawatha's ghost, amateur VSWn; T2blue's ghost, amateur PaEn; p0werm0de's ghost, amateur GrFi

▒.....▒ ▒..▒ ▒.▒ ▒.....▒▒▒
▒..▒▒▒▒▒▒ ▒.▒ ........▒
▒.......▒ ▒.▒ ▒.....▒.▒
▒..▒▒▒▒.▒ ▒.▒ ▒▒▒▒▒▒▒.▒
▒....▒▒.▒ ▒.▒ ...▒ ▒.▒
▒..▒.▒▒.▒ ▒.▒ ...▒ ▒.▒
▒..▒....▒ ▒.▒ ...▒▒▒▒.▒
▒.)▒▒▒▒▒▒▒▒▒.▒
......▒.▒▒▒▒..ohH[......▒
..........)[[>▒▒▒▒▒▒▒▒▒▒▒▒
....▒.▒..▒▒▒▒▒▒ ▒......▒
.<..▒.▒..▒ ▒.▒▒▒.▒▒
.▒▒▒▒▒▒..▒▒▒▒▒▒▒▒▒▒.▒ ▒.▒
....................▒ ▒.▒
▒▒▒▒▒▒▒▒.▒▒▒▒▒▒▒▒▒▒▒▒ ▒.▒
▒......[▒..........▒▒▒.▒
▒.▒▒▒▒▒.▒.▒▒▒▒▒▒▒▒.....▒


You could see a warg and an orc warrior.


Message History

The killer bee completely misses you.
Your fulminant prism explodes!
The blast of energy engulfs the orc!
You kill the orc!
The blast of energy engulfs the warg!
The warg is moderately wounded.
The blast of energy engulfs the orc warrior!
The orc warrior is heavily wounded.
The blast of energy engulfs the killer bee!!
You kill the killer bee!
The warg bites you!
* * * LOW HITPOINT WARNING * * *
Your Fighting skill increases to level 9!
Unknown command.
The orc warrior hits you with a +0 scimitar!
* * * LOW HITPOINT WARNING * * *
The warg misses you.
Aiming: Searing Ray (safe; 1% risk of failure)
Aim: a warg (moderately wounded, 77% to hit)
The searing ray hits the warg.
The warg is heavily wounded. (Press . to maintain the ray.)
The warg bites you!
* * * LOW HITPOINT WARNING * * *
The searing ray hits the warg.
The warg is heavily wounded.
The searing ray hits the orc warrior!
The orc warrior is almost dead.
The warg bites you.
You die...

Action                   |  1- 3 |  4- 6 |  7- 9 || total
-------------------------+-------+-------+-------++-------
Melee: Flail             |       |     2 |       ||     2
       Whip              |       |     1 |       ||     1
       Rapier            |       |       |    50 ||    50
       Tailslap          |       |       |     9 ||     9
       War axe           |       |       |    16 ||    16
       Dire flail        |       |       |     1 ||     1
 Cast: Magic Dart        |    73 |    75 |    57 ||   205
       Searing Ray       |     2 |    16 |    41 ||    59
       Fulminant Prism   |       |       |     3 ||     3
 Abil: Rolling Charge    |       |       |     1 ||     1
Evoke: Wand              |       |     1 |     1 ||     2
  Use: Scroll            |       |       |     6 ||     6
 Stab: Sleeping          |       |       |     1 ||     1
Armor: Robe              |     5 |    15 |    49 ||    69
       Leather armour    |       |    10 |     2 ||    12
Dodge: Dodged            |     8 |    34 |    97 ||   139

Levels and vault maps discovered:
D:1:      tarquinn_simple_flora_water_f, layout_loops_ring, serial_bayou_pond_a,
          hangedman_decor_growths
D:2:      layout_loops_cross, minmay_misc_feat_four_crosses
D:3:      layout_rooms, marbit_many_paths, gammafunk_ghost_cemetery,
          dreamdust_ecumenical_altar_statues, minmay_misc_feat_nine_boxes,
          grunt_ministairs_13, st_stairs_5, uniq_sigmund
D:4:      layout_loops_ring, uniq_eustachio
D:5:      layout_loops_cross, mainiacjoe_overflow_small_starburst
D:6:      lemuel_ratsnest, layout_loops_ring, serial_rivers,
          chequers_serial_rivers_micro_c, chequers_serial_rivers_large_b,
          chequers_serial_rivers_marsh, chequers_serial_rivers_micro_c
D:7:      layout_basic, nicolae_gozag_seed_capital, minmay_temple_entry_hall,
          serial_shops, nicolae_shop_crystal, item_on_display_a
D:8:      layout_rooms, kennysheep_okawaru_gauntlet, erik_lair_orcish_takeover
Temple:   minmay_crystal_spiral_temple

Notes
Turn   | Place    | Note
-------+----------+-------------------------------------------
     0 | D:1      | sanka the Palentonga Conjurer began the quest for the Orb.
     0 | D:1      | Reached XP level 1. HP: 13/13 MP: 3/3
   358 | D:1      | Reached skill level 4 in Conjurations
   386 | D:1      | Reached XP level 2. HP: 20/20 MP: 1/5
  1077 | D:2      | Learned a level 2 spell: Searing Ray
  1297 | D:2      | Reached XP level 3. HP: 24/25 MP: 1/6
  2177 | D:3      | Reached XP level 4. HP: 32/32 MP: 2/7
  2332 | D:3      | Noticed Sigmund
  2425 | D:3      | Found a shimmering altar of Xom.
  2477 | D:3      | Reached skill level 5 in Conjurations
  2637 | D:3      | Found a faded altar of an unknown god.
  2642 | D:3      | Found a runed translucent gate.
  2642 | D:3      | Found a runed translucent gate.
  2642 | D:3      | Found a runed translucent gate.
  2642 | D:3      | Noticed T2blue's ghost (amateur PaEn)
  2643 | D:3      | Noticed p0werm0de's ghost (amateur GrFi)
  2643 | D:3      | Noticed Hyawatha's ghost (amateur VSWn)
  2649 | D:3      | Learned a level 4 spell: Fulminant Prism
  2659 | D:3      | Reached skill level 3 in Spellcasting
  2659 | D:3      | Reached XP level 5. HP: 31/37 MP: 5/9
  3352 | D:3      | HP: 2/37 [orc priest (7)]
  3355 | D:3      | Reached skill level 6 in Conjurations
  3935 | D:4      | Noticed Eustachio
  4193 | D:4      | Killed Eustachio
  4194 | D:4      | Reached XP level 6. HP: 41/43 MP: 4/10
  4514 | D:4      | Reached skill level 7 in Conjurations
  4648 | D:4      | Gained mutation: You curl defensively after being hit.
                  | [Palentonga growth]
  4648 | D:4      | Reached XP level 7. HP: 17/49 MP: 1/11
  5168 | D:5      | Entered Level 5 of the Dungeon
  5246 | D:5      | Reached skill level 8 in Conjurations
  5334 | D:5      | Identified the +1 robe of Whack-A-Mole {Int+3}
  5442 | D:5      | Reached skill level 1 in Hexes
  5446 | D:5      | Reached skill level 2 in Hexes
  5468 | D:5      | Reached skill level 3 in Hexes
  5564 | D:5      | Found a snail-covered altar of Cheibriados.
  5664 | D:5      | Reached skill level 4 in Hexes
  5719 | D:5      | Reached XP level 8. HP: 53/55 MP: 12/12
  5755 | D:5      | Reached skill level 5 in Hexes
  5755 | D:5      | Reached skill level 1 in Fighting
  5764 | D:5      | Reached skill level 2 in Fighting
  5992 | D:5      | Reached skill level 3 in Fighting
  6440 | D:3      | Killed Sigmund
  6441 | D:3      | Reached skill level 4 in Fighting
  6739 | D:6      | Reached skill level 5 in Fighting
  7295 | D:6      | Reached skill level 6 in Fighting
  7696 | D:6      | Reached XP level 9. HP: 46/75 MP: 0/13
  8051 | D:7      | Found Koogevua's Weapon Emporium.
  8066 | D:7      | Reached skill level 7 in Fighting
  8238 | D:7      | Found a staircase to the Ecumenical Temple.
  8244 | Temple   | Entered the Ecumenical Temple
  8431 | Temple   | Became a worshipper of Ru the Awakened
  8834 | D:7      | Reached skill level 8 in Fighting
  9054 | D:7      | Found an opulent altar of Gozag.
  9162 | D:7      | Identified the +1 scale mail of Midwinter {rElec rC- Int+2
                  | Dex+5}
 10277 | D:7      | Reached skill level 9 in Fighting
 10280 | D:7      | HP: 2/81 [warg (11)]
 10281 | D:7      | Slain by a warg

Vanquished Creatures
  Sigmund (D:3)
  A wyvern (D:5)
  Eustachio (D:4)
  A water moccasin (D:6)
  A warg (D:7)
  2 orc warriors (D:7)
  An ice beast (D:5)
  A black bear (D:4)
  2 necrophages
  4 ogres
  A centaur (D:7)
  A phantom (D:6)
  5 bullfrogs
  A kobold brigand (D:7)
  A scorpion (D:6)
  A water moccasin zombie (D:5)
  2 killer bees (D:7)
  2 centaur zombies
  A bullfrog zombie (D:5)
  5 orc priests
  A bullfrog skeleton (D:5)
  5 hounds
  4 iguanas
  5 orc wizards
  10 adders
  8 river rats (D:6)
  3 shadow imps (D:6)
  3 white imps
  An adder zombie (D:5)
  3 worms
  18 orcs
  2 bats
  6 endoplasms
  7 goblins
  6 hobgoblins
  3 jackals
  10 kobolds
  9 quokkas
  8 ball pythons
  9 frilled lizards
  17 rats
173 creatures vanquished.

Vanquished Creatures (others)
  3 fulminant prisms
3 creatures vanquished.

Grand Total: 176 creatures vanquished
